 Dungeon Crawl Stone Soup version 0.29-a0-486-ga88943ba61 (webtiles) character file.

Game seed: 8003456270825077821

1 Morbidden the Gusty (level 1, 0/16 HPs)
             Began as an Ogre Air Elementalist on May 26, 2022.
             Slain by a goblin
             ... wielding a +0 club
              (1 damage)
             ... on level 1 of the Dungeon.
             The game lasted 00:00:35 (48 turns).

Morbidden the Gusty (Ogre Air Elementalist)           Turns: 48, Time: 00:00:35

Health: 0/16       AC:  3    Str: 11    XL:     1   Next: 20%
Magic:  3/3        EV:  9    Int: 16    God:
Gold:   7          SH:  0    Dex:  9    Spells: 3/4 levels left

rFire   . . .      SeeInvis .   (no weapon)
rCold   . . .      Faith    .   (no shield)
rNeg    . . .      Spirit   .   a - +0 robe
rPois   .          Reflect  .   (helmet restricted)
rElec   .          Harm     .   (no cloak)
rCorr   .          Rampage  .   (gloves unavailable)
Will    .....                   (boots unavailable)
Stlth   +.........              (no amulet)
HPRegen 0.05/turn               (no ring)
MPRegen 0.08/turn               (no ring)

@: no status effects
A: large, unfitting armour, tough skin 1
a: no special abilities


You were on level 1 of the Dungeon.
You visited 1 branch of the dungeon, and saw 1 of its levels.

You collected 7 gold pieces.

Inventory:

Armour
 a - a +0 robe (worn)
Potions
 b - a potion of magic


   Skills:
 + Level 1.7 Dodging
 + Level 1.5 Stealth
 + Level 2.4 Spellcasting
 + Level 0.8 Conjurations
 + Level 2.6 Air Magic


You had 3 spell levels left.
You knew the following spells:

 Your Spells              Type           Power      Damage    Failure   Level
a - Shock                 Conj/Air       28%        1d4       10%         1

Your spell library contained the following spells:

 Spells                   Type           Power      Damage    Failure   Level
 Static Discharge         Conj/Air       7%         N/A       14%         2
 Swiftness                Air            10%        N/A       21%         3
 Airstrike                Air            5%         N/A       54%         4


Dungeon Overview and Level Annotations

Branches:
Dungeon (1/15)

Altars:


Innate Abilities, Weirdness & Mutations

You are too large for most types of armour.
You have tough skin. (AC +1)


Message History

You closely miss the quokka. The quokka closely misses you.
Unknown command.
You completely miss the quokka.
The quokka bites you but does no damage.
You closely miss the quokka.
The goblin shouts!
You hear a shout! x2
The quokka bites you.
The quokka bites you but does no damage.
Unknown command.
You hit the quokka but do no damage.
The quokka bites you but does no damage.
You completely miss the quokka. The quokka closely misses you.
You miss the quokka. The quokka barely misses you.
You hit the quokka.
The quokka is heavily wounded.
The quokka bites you but does no damage.
A goblin comes into view. It is wielding a +0 club.
You hit the quokka.
The quokka is severely wounded.
The quokka bites you.
A dart slug comes into view.
The quokka bites you but does no damage.
There are monsters nearby!
You closely miss the quokka. You punch the quokka.
You kill the quokka!
The goblin hits you with a +0 club.
An endoplasm comes into view.
There are monsters nearby!
The endoplasm quivers.
You hit the goblin.
The goblin is severely wounded.
A ball python comes into view.
The goblin hits you with a +0 club. x2
* * * LOW HITPOINT WARNING * * *
The ball python moves out of view.
You are too injured to fight recklessly!
You are too injured to fight recklessly!
Unknown command.
The goblin attacks as you move away! The goblin hits you with a +0 club.
You die...

#..##..# #..##..### .?
.##..##..# #J .##<.##..#
.. #..##..### ##.
#..##..### .. .##(.##..#
###.
.##..##..####.#g#####..#
.............###@g.....#
#############.#.######..
##.## #.# #.# #.. ###


You could see an endoplasm and 2 goblins.

Vanquished Creatures
  A quokka (D:1)
1 creature vanquished.

Notes
Turn   | Place    | Note
-------+----------+-------------------------------------------
     0 | D:1      | Morbidden the Ogre Air Elementalist began the quest for the
                  | Orb.
     0 | D:1      | Reached XP level 1. HP: 16/16 MP: 3/3
    48 | D:1      | Slain by a goblin

Illustrated notes

Levels and vault maps discovered:
D:1:      lightli_iron_boxes, layout_loops_ring, st_stairs_10,
          hangedman_abyss_or_decor_lesser_grid, fountainhead

Action                   || total
-------------------------++-------
Melee: Unarmed           ||    12
       Punch             ||     1
Armor: Robe              ||     5
Dodge: Dodged            ||     5

Table legend: (Time is in decaauts)
 A = Elapsed time spent in this place.
 B = Non-inter-level travel time spent in this place.
 C = Inter-level travel time spent in this place.
 D = Time resting spent in this place.
 E = Time spent auto-exploring this place.
 F = Levels seen in this place.
 G = Mean time per level.
                   A        B        C        D        E       F      G
               +--------+--------+--------+--------+--------+-----+--------+
         Total |     48 |     48 |      0 |      0 |     33 |   1 |   48.0 |
       Dungeon |     48 |     48 |      0 |      0 |     33 |   1 |   48.0 |
               +--------+--------+--------+--------+--------+-----+--------+

Top non-repeatable levels by time:
     D:1: 48 daAuts
